AoeStats
← BichoPalo7978

Marketplace

505673431Analyzed
1v1 RM · 20d ago on Sep 10, 2026· 59m 30s· 2 players
Game mode
Random Map
Map size
Tiny (2 player)
Population
200
Speed
Normal
Resources
Standard
Victory
Conquest
Starting age
Dark Age
Ending age
Imperial Age
RankedLock teamsTeams togetherTeam positionsShared explorationLock speedFull tech treeHidden civsTurbo modeCheats
Victory
Defeat
🇫🇷 Lithuanians · France
334
+6
🇪🇸 Mapuche · Spain
96
-6
BichoPalo7978
0:46 Loom
10:33 Feudal Age
19:46 Horse Collar
19:52 Double-Bit Axe
19:58 Gold Mining
20:05 Stone Mining
26:49 Castle Age
24:36 Town Watch
26:47 Fletching
26:58 Padded Archer Armor
27:00 Scale Mail Armor
31:09 Bow Saw
31:00 Heavy Plow
31:47 Gold Shaft Mining
31:59 Stone Shaft Mining
33:05 Bodkin Arrow
33:26 Leather Archer Armor
33:28 Chain Mail Armor
36:21 Wheelbarrow
36:44 Town Patrol
37:14 Forging
40:47 Ballistics
40:25 Murder Holes
40:11 Treadmill Crane
40:30 Arson
41:30 Iron Casting
49:35 Imperial Age
49:06 Masonry
51:19 Blast Furnace
50:50 Ring Archer Armor
52:53 Arrowslits
54:16 Sappers
56:45 Crop Rotation
57:16 Hand Cart
58:44 Chemistry
58:16 Architecture
berenger.dewilde
13:10 Feudal Age
11:26 Loom
15:55 Horse Collar
16:03 Double-Bit Axe
20:56 Scale Barding Armor
21:02 Forging
20:46 Fletching
20:59 Padded Archer Armor
29:13 Castle Age
30:49 Castle Age
30:06 Town Watch
30:57 Wheelbarrow
30:51 Bloodlines
31:34 Heavy Plow
31:48 Bow Saw
38:25 Wheelbarrow
37:36 Town Watch
39:37 Hand Cart
38:45 Light Cavalry
40:14 Elite Skirmisher
45:35 Chain Barding Armor
45:51 Iron Casting
45:12 Bodkin Arrow
45:32 Leather Archer Armor
45:18 Scale Mail Armor
47:28 Husbandry
47:48 Thumb Ring
51:19 Imperial Age
50:44 Ballistics
50:16 Guard Tower
51:41 Hill Forts
52:03 Town Patrol
53:50 Chemistry
54:00 Crop Rotation
53:24 Stone Mining
53:30 Gold Mining
54:45 Two-Man Saw
55:32 Winged Hussar
55:39 Elite Leitis
56:20 Tower Shields
55:58 Cavalier
56:22 Heavy Cavalry Archer
Connection lost

Rejoining the realm…

Still unreachable

The connection could not be restored.

Session expired

The server has moved on; the page needs a fresh start.